 Dungeon Crawl Stone Soup version 0.21-a0-528-gf531e82 (webtiles) character file.

5863 slep the Basher (level 10, -8/87 HPs)
             Began as a Demonspawn Fighter on Dec 9, 2017.
             Was a Follower of Okawaru.
             Mangled by a porcupine (11 damage)
             ... on level 9 of the Dungeon.
             The game lasted 00:35:08 (6729 turns).

slep the Basher (Demonspawn Fighter)                Turns: 6729, Time: 00:35:09

Health: -8/87      AC:  9    Str: 17    XL:     10   Next: 52%
Magic:  10/10      EV: 10    Int:  8    God:    Okawaru [*.....]
Gold:   159        SH: 10    Dex: 17    Spells: 9/9 levels left

rFire    + . .     SeeInvis .   k - +0 war axe
rCold    . . .     Gourm    .   c - +0 shield
rNeg     . . .     Faith    +   b - +0 scale mail
rPois    .         Spirit   .   (no helmet)
rElec    .         Reflect  .   (no cloak)
rCorr    .         Harm     .   (no gloves)
MR       .....     Rnd*Tele +   (no boots)
Stlth    ++........             e - amulet of faith
HPRegen  0.24/turn              n - ring of teleportation (curse)
MPRegen  0.12/turn              C - ring of protection from fire

@: lethally poisoned (-8 -> -10)
A: talons 2, rugged brown scales 2, agile 1, blink, dopey 1, nightstalker 1,
powered by death 2, robust 1, wild magic 1, evolution 1
a: Blink, Heroism, Renounce Religion


You were on level 9 of the Dungeon.
You worshipped Okawaru.
Okawaru was aware of your devotion.
You were near starving.

You visited 2 branches of the dungeon, and saw 11 of its levels.

You collected 286 gold pieces.
You spent 127 gold pieces at shops.

Inventory:

Hand Weapons
 a - a +0 rapier
 k - a +0 war axe (weapon)
 p - a +3 flail of protection
 K - a +0 hand axe
Armour
 b - a +0 scale mail (worn)
 c - a +0 shield (worn)
 t - a +0 pair of boots
Jewellery
 e - an amulet of faith (around neck)
 n - a cursed ring of teleportation (left hand)
 o - an uncursed ring of fire
 C - a ring of protection from fire (right hand)
 H - an uncursed ring of fire
Wands
 D - a wand of iceblast (9)
 F - a wand of paralysis (15)
Scrolls
 d - 3 scrolls of magic mapping {unknown}
 g - a scroll of random uselessness {unknown}
 h - 8 scrolls of teleportation
 i - 8 scrolls of remove curse {unknown}
 j - 2 scrolls of fog {unknown}
 l - 11 scrolls of identify {unknown}
 m - 3 scrolls of amnesia {unknown}
 s - 3 scrolls of blinking
 v - a scroll of fear {unknown}
 y - 2 scrolls of enchant armour {unknown}
 z - a scroll of summoning {unknown}
 A - a scroll of enchant weapon {unknown}
 E - 3 scrolls of noise {unknown}
 I - a scroll of immolation {unknown}
Potions
 q - 2 potions of curing
 x - 3 potions of degeneration {unknown}
 G - a potion of brilliance {unknown}
 J - a potion of cancellation
Books
 r - a book of Maledictions

   Spells                             Type                      Level
   a - Corona                         Hexes                        1
   b - Ensorcelled Hibernation        Hexes/Ice                    2
   c - Confuse                        Hexes                        3
   d - Tukima's Dance                 Hexes                        3
   e - Dazzling Spray                 Conjuration/Hexes            3
Comestibles
 f - 8 bread rations
 u - 3 royal jellies
 B - 16 fruits


   Skills:
 + Level 6.2 Fighting
 + Level 3.1 Short Blades
 + Level 5.0(7.2) Axes
 + Level 8.0(8.7) Maces & Flails
 + Level 6.1 Armour
 + Level 3.6 Dodging
 + Level 2.0 Stealth
 + Level 6.5 Shields


You had 9 spell levels left.
You didn't know any spells.

Dungeon Overview and Level Annotations

Branches:
Dungeon (10/15)            Temple (1/1) D:7            Lair (0/6) D:9
    Orc: D:9-12

Altars:
Ashenzari
Cheibriados
Elyvilon
Fedhas
Gozag
Hepliaklqana
Kikubaaqudgha
Makhleb
Nemelex Xobeh
Okawaru
Qazlal
Ru
Trog
Uskayaw
Vehumet
Wu Jian
Xom
Yredelemnul
Zin
The Shining One

Shops:
D:5 ?   D:8 :?([[

Annotations:
D:7 Prince Ribbit


Innate Abilities, Weirdness & Mutations

You have razor-sharp toenails.
You are mostly covered in rugged brown scales. (AC +2, +5% HP)
You are slightly more attuned to the shadows.
You regenerate health from kills.
You are agile. (Dex +2)
You can translocate small distances at will.
You are dopey. (Int -2)
You are robust. (+10% HP)
Your spells are a little harder to cast, but a little more powerful.
You evolve.


Message History

Your kick misses the porcupine.
The porcupine is severely wounded.
You hit the plant but do no damage. You hit the plant.
You feel sick. The porcupine closely misses you. The porcupine bites you.
* * * LOW HITPOINT WARNING * * *
Your shield prevents you from hitting the porcupine.
The porcupine is severely wounded.
You hit the plant but do no damage. x2; You feel sick.
The porcupine bites you!
* * * LOW HITPOINT WARNING * * *
The porcupine bites you but does no damage.
* * * LOW HITPOINT WARNING * * *
You feel sick.
* * * LOW HITPOINT WARNING * * *
You feel sick.
Evoke which item? (* to show all) (? for menu, Esc to quit)
Aiming: Paralyse
Press: ? - help, Shift-Dir - straight line, f - porcupine
Aim: a porcupine (severely wounded, chance to defeat MR: 46%)
The porcupine resists with some effort.
The porcupine bites you!
You die...

###########
..........
########.........
..................
..................
..%.......@<......
..........r.......
.P................
...P..............
P..P.P...######...
PP.PP.P....# ..#


P.PPPP.PPP.... .# .PP...P....... .P....PP.P.... You could see a porcupine.

Vanquished Creatures
  The ghost of nomadicburrito the Cleaver, a novice MiFi of Okawaru (D:7)
  2 two-headed ogres
  A hippogriff (D:7)
  A spriggan (D:7)
  A hungry ghost (D:7)
  3 porcupines (D:9)
  A sky beast (D:8)
  2 ice beasts
  3 orc warriors
  A necrophage (D:8)
  2 phantoms
  A black bear (D:8)
  5 centaurs
  3 ogres
  4 bullfrogs
  2 scorpions
  3 howler monkeys
  3 crimson imps
  A jelly (D:8)
  2 bullfrog zombies
  3 hounds
  2 orc priests
  A gnoll shaman (D:8)
  8 orc wizards
  A bullfrog skeleton (D:7)
  Jessica (D:2)
  4 iguanas
  3 worker ants
  Terence (D:2)
  11 gnolls
  A howler monkey skeleton (D:6)
  5 adders
  2 shadow imps
  4 adder skeletons
  An adder zombie (D:6)
  2 worms
  3 leopard geckos
  27 orcs
  3 ball pythons
  11 bats
  6 giant cockroaches
  9 goblins
  10 hobgoblins
  4 jackals (D:6)
  10 kobolds
  6 quokkas
  7 frilled lizards
  A leopard gecko skeleton (D:4)
  12 rats
201 creatures vanquished.

Vanquished Creatures (others)
  A howler monkey (D:8)
  A gnoll (D:8)
  5 fungi (D:9)
  A plant (D:9)
8 creatures vanquished.

Grand Total: 209 creatures vanquished

Notes
Turn   | Place    | Note
-------+----------+-------------------------------------------
     0 | D:1      | slep the Demonspawn Fighter began the quest for the Orb.
     0 | D:1      | Reached XP level 1. HP: 18/18 MP: 1/1
    77 | D:1      | Gained mutation: You are slightly more attuned to the shadows. [demonic ancestry]
    77 | D:1      | Reached XP level 2. HP: 14/24 MP: 2/2
   542 | D:2      | Reached XP level 3. HP: 29/29 MP: 3/3
   713 | D:2      | Noticed Terence
   735 | D:2      | Killed Terence
   735 | D:2      | Gained mutation: You regenerate a little health from kills. [demonic ancestry]
   735 | D:2      | Reached XP level 4. HP: 26/35 MP: 4/4
   753 | D:2      | Noticed Jessica
   760 | D:2      | Killed Jessica
  1084 | D:3      | Found a glowing golden altar of the Shining One.
  1139 | D:3      | Found a sparkling altar of Nemelex Xobeh.
  1224 | D:3      | Gained mutation: You are partially covered in rugged brown scales. (AC +1, +3% HP) [demonic ancestry]
  1224 | D:3      | Reached XP level 5. HP: 34/42 MP: 5/5
  1279 | D:3      | Reached skill level 1 in Maces & Flails
  1478 | D:3      | Found a blossoming altar of Fedhas.
  1480 | D:3      | Found a glowing silver altar of Zin.
  1482 | D:3      | Found a snail-covered altar of Cheibriados.
  1482 | D:3      | Found an ornate altar of the Wu Jian Council.
  1483 | D:3      | Found a bloodstained altar of Trog.
  1708 | D:4      | Noticed an ogre
  1714 | D:4      | Killed an ogre
  1714 | D:4      | Reached skill level 2 in Maces & Flails
  1714 | D:4      | Reached skill level 1 in Dodging
  1973 | D:4      | Gained mutation: You have sharp toenails. [demonic ancestry]
  1973 | D:4      | Reached XP level 6. HP: 49/49 MP: 6/6
  2159 | D:4      | Noticed an ice beast
  2166 | D:4      | Killed an ice beast
  2286 | D:5      | Entered Level 5 of the Dungeon
  2319 | D:5      | Reached skill level 3 in Maces & Flails
  2624 | D:5      | Gained mutation: You are mostly covered in rugged brown scales. (AC +2, +5% HP) [demonic ancestry]
  2624 | D:5      | Reached XP level 7. HP: 42/56 MP: 7/7
  2752 | D:5      | Reached skill level 4 in Maces & Flails
  2776 | D:5      | Found Raopity's Magic Scroll Shop.
  2779 | D:5      | Bought a scroll of teleportation for 30 gold pieces
  3205 | D:6      | Reached skill level 5 in Maces & Flails
  3239 | D:6      | Gained mutation: You have razor-sharp toenails. [demonic ancestry]
  3239 | D:6      | Reached XP level 8. HP: 20/64 MP: 8/8
  3874 | D:7      | Reached skill level 1 in Stealth
  3966 | D:7      | Reached skill level 6 in Maces & Flails
  3979 | D:7      | Reached skill level 5 in Shields
  4076 | D:7      | Noticed nomadicburrito's ghost (novice MiFi)
  4089 | D:7      | Killed nomadicburrito's ghost
  4089 | D:7      | Reached skill level 5 in Fighting
  4089 | D:7      | Reached skill level 7 in Maces & Flails
  4089 | D:7      | Reached XP level 9. HP: 20/71 MP: 9/9
  4092 | D:7      | Found a shimmering altar of Xom.
  4324 | D:7      | Reached skill level 5 in Armour
  4482 | D:7      | Found a staircase to the Ecumenical Temple.
  4488 | Temple   | Entered the Ecumenical Temple
  4919 | D:8      | Reached skill level 1 in Axes
  5002 | D:8      | Noticed a two-headed ogre
  5020 | D:8      | Found Bigaumn's Weapon Boutique.
  5020 | D:8      | Found Angic's Magic Scroll Boutique.
  5021 | D:8      | Found Rufeon's Armour Boutique.
  5021 | D:8      | Found Inneamuc's Armour Boutique.
  5038 | D:8      | Killed a two-headed ogre
  5038 | D:8      | Reached skill level 8 in Maces & Flails
  5052 | D:8      | Bought a scroll of blinking for 97 gold pieces
  5075 | D:8      | Gained mutation: You regenerate health from kills. [demonic ancestry]
  5075 | D:8      | Reached XP level 10. HP: 9/79 MP: 10/10
  5091 | D:8      | Found a basalt altar of Yredelemnul.
  5095 | D:8      | Gained mutation: You are dopey. (Int -2) [potion of mutation]
  5095 | D:8      | Gained mutation: You are agile. (Dex +2) [potion of mutation]
  5095 | D:8      | Gained mutation: Your spells are a little harder to cast, but a little more powerful. [potion of mutation]
  5159 | D:8      | HP: 3/79 [centaur (3)]
  5346 | D:8      | Found Obumumih's Book Emporium.
  5395 | D:8      | Gained mutation: You are robust. (+10% HP) [mutagenic meat]
  5396 | D:8      | Gained mutation: You can translocate small distances at will. [mutagenic meat]
  5397 | D:8      | Gained mutation: You evolve. [mutagenic meat]
  5921 | D:8      | Found an iron altar of Okawaru.
  5928 | D:8      | Became a worshipper of Warmaster Okawaru
  5951 | D:9      | Noticed a two-headed ogre
  5967 | D:9      | Killed a two-headed ogre
  6130 | D:9      | Noticed a two-headed ogre
  6153 | D:10     | Entered Level 10 of the Dungeon
  6153 | D:10     | Noticed a cyclops
  6199 | D:9      | Noticed a two-headed ogre
  6492 | D:7      | Noticed Prince Ribbit
  6704 | D:9      | Found a staircase to the Lair.
  6709 | D:9      | Reached * piety under Okawaru
  6716 | D:9      | Reached skill level 5 in Axes
  6724 | D:9      | HP: 4/87 [porcupine (8)]
  6729 | D:9      | Mangled by a porcupine

Vault maps used:
D:1:      dpeg_arrival_erosion, st_stairs_3, minivault_25, minmay_octomino_e4
D:2:      first_bread, uniq_terence, uniq_jessica
D:3:      lemuel_crystal_altar, lemuel_doored_altar, grunt_temple_overflow_open,
          minmay_stone_trees_medium
D:5:      serial_shops, shop
D:7:      minmay_temple_entry_fiery, basic_altar, the_bakery,
          minmay_misc_feat_x, bh_chokoban, uniq_prince_ribbit1
D:8:      kennysheep_mini_moat, okawaru_altar_gauntlet_db, serial_shops, shop,
          minmay_shop_grid_forest
D:9:      gammafunk_temple_overflow_elements, due_lair_maze_entry_diamond,
          serial_shops, shop_fountains, hangedman_abyss_or_decor_stabs,
          stair_cage_line
D:10:     dk_noncrumbling_3, kennysheep_generic_room_7
Temple:   minmay_temple_curvy_loop

Skill      XL: |  1  2  3  4  5  6  7  8  9 10 |
---------------+-------------------------------+-----
Shields        | 3 4 5 6 |  6.5
Short Blades   | 2 3 |  3.1
Armour         | 3 4 5 6 |  6.1
Maces & Flails | 2 3 5 7 8 |  8.0
Dodging        | 1 2 3 |  3.6
Fighting       | 4 5 6 |  6.2
Stealth        | 1 2 |  2.0
Axes           | 3 5 |  5.0

Action                   |  1- 3 |  4- 6 |  7- 9 | 10-12 || total
-------------------------+-------+-------+-------+-------++-------
Melee: Rapier            |   139 |       |       |       ||   139
       Flail             |       |   146 |   250 |       ||   396
       Kick              |       |       |    64 |    74 ||   138
       Hand axe          |       |       |    88 |   181 ||   269
       War axe           |       |       |       |    33 ||    33
Evoke: Wand              |       |       |     1 |     1 ||     2
  Use: Potion            |     1 |       |     1 |     7 ||     9
 Stab: Sleeping          |       |     1 |     1 |       ||     2
       Paralysed         |       |       |     2 |       ||     2
       Invisible         |       |       |       |     3 ||     3
  Eat: Chunk             |       |     6 |     9 |     7 ||    22
Armor: Scale mail        |    63 |    74 |   118 |    65 ||   320
       Skin              |       |       |       |    12 ||    12
Dodge: Dodged            |    32 |    50 |   109 |    62 ||   253
Block: Shield            |    61 |    88 |   170 |   101 ||   420

Table legend:
 A = Spawn XP
 B = Non-spawn XP
 C = Spawn XP percentage of total XP
 D = Spawn monster count
 E = Non-spawn monster count
 F = Spawn count percentage of total count
 G = Total turns spent on level
                    A         B        C        D         E        F      G
               +---------+---------+-------+---------+---------+-------+---------
         Total |       0 |    8376 |   0.0 |       0 |     202 |   0.0 |  6729
               +---------+---------+-------+---------+---------+-------+---------
           D:1 |       0 |      39 |   0.0 |       0 |      25 |   0.0 |   479
           D:2 |       0 |     129 |   0.0 |       0 |      23 |   0.0 |   605
           D:3 |       0 |      89 |   0.0 |       0 |      27 |   0.0 |   541
           D:4 |       0 |     298 |   0.0 |       0 |       9 |   0.0 |   661
           D:5 |       0 |     468 |   0.0 |       0 |       9 |   0.0 |   749
           D:6 |       0 |     790 |   0.0 |       0 |      31 |   0.0 |   848
           D:7 |       0 |    2246 |   0.0 |       0 |      23 |   0.0 |   783
           D:8 |       0 |    2594 |   0.0 |       0 |      41 |   0.0 |  1552
           D:9 |       0 |    1723 |   0.0 |       0 |      14 |   0.0 |   299
               +---------+---------+-------+---------+---------+-------+---------
